 Dungeon Crawl Stone Soup version 0.20.1-1-g8b1a95d (webtiles) character file.

17 Monsterracer the Scratcher (level 2, -1/12 HPs)
             Began as a Felid Transmuter on Dec 27, 2017.
             Slain by a leopard gecko (2 damage)
             ... on level 2 of the Dungeon.
             The game lasted 00:02:54 (704 turns).

Monsterracer the Scratcher (Felid Transmuter)        Turns: 704, Time: 00:02:55

Health: -1/12      AC:  1    Str:  6    XL:     2   Next: 44%
Magic:  5/6        EV: 18    Int: 14    God:
Gold:   33         SH:  0    Dex: 16    Spells: 4/5 levels left
                                        Lives:  0   Deaths: 0

rFire    . . .     SeeInvis +     - Unarmed
rCold    + . .     Gourm    .   (shield unavailable)
rNeg     . . .     Faith    .   (armour unavailable)
rPois    .         Spirit   .   (helmet unavailable)
rElec    .         Reflect  .   (cloak unavailable)
rCorr    .         Harm     .   (gloves unavailable)
MR       .....                  (boots unavailable)
Stlth    ++........             (no amulet)
Regen    0.1/turn               h - ring of protection from cold {!d}
MPRegen  0.1/turn               (no ring)

@: appendage, quick
A: no armour, no weapons or thrown items, stealth, claws 1, fangs 3, horns 2,
see invisible, carnivore 3, speed 1, shaggy fur 1, slow metabolism 1, sharp paws
a: End Transformation


You were on level 2 of the Dungeon.
You were very full.
You had grown temporary horns.
You visited 1 branch of the dungeon, and saw 2 of its levels.

You collected 33 gold pieces.

Inventory:

Missiles
 a - 12 arrows
Jewellery
 h - a ring of protection from cold (left paw) {!d}
Scrolls
 e - a scroll of fog {unknown}
 f - 2 scrolls of identify {unknown}
 g - a scroll of magic mapping {unknown}
 k - a scroll of immolation {unknown}
 l - a scroll of teleportation {unknown}
 m - a scroll of recharging {unknown}
 n - a scroll of amnesia {unknown}
Potions
 i - a potion of mutation {unknown}
 j - a potion of haste {unknown}
Books
 b - a book of Changes

   Spells                             Type                      Level
   a - Beastly Appendage              Transmutation                1
   b - Sticks to Snakes               Transmutation                2
   c - Spider Form                    Transmutation/Poison         3
   d - Ice Form                       Ice/Transmutation            4
   e - Blade Hands                    Transmutation                5
Comestibles
 c - a meat ration
 d - a royal jelly


   Skills:
 - Level 1.0 Fighting
 - Level 2.6 Dodging
 * Level 3.7 Unarmed Combat
 - Level 2.0 Spellcasting
 + Level 2.5 Transmutations


You had 4 spell levels left.
You knew the following spells:

 Your Spells              Type           Power        Failure   Level  Hunger
a - Beastly Appendage     Tmut           #.....       9%          1    ##.....


Dungeon Overview and Level Annotations

Branches:
Dungeon (2/15)

Altars:


Innate Abilities, Weirdness & Mutations

You cannot wear armour.
You are incapable of wielding weapons or throwing items.
Your paws allow you to move quietly. (Stealth)
You have sharp claws.
You have razor-sharp teeth.
You have supernaturally acute eyesight. (SInv)
You are carnivorous and can eat meat at any time.
You cover ground quickly.
You are covered in fur. (AC +1)
You have a slow metabolism.
Your sharp claws are effective at attacking unaware monsters.
You have a pair of horns on your head.


Message History

No target in view!
No target in view!
No target in view!
Your transformation is almost over.
Your horns disappear.
A rat comes into view.
Found a whip.
MP restored: 6 A rat is nearby!
You pounce on the unaware helpless rat!
You claw the rat!
You kill the rat!
No target in view!
You butcher the rat corpse.
l - a chunk of flesh You see here a rat skeleton. x2
Eating a chunk of flesh.
You eat the chunk of flesh.
This raw flesh tastes great.
A hobgoblin comes into view.
Found a scroll labeled RAXKIH TU ZEQU.
The hobgoblin shouts!
The hobgoblin completely misses you.
A hobgoblin is nearby!
You scratch the hobgoblin.
The hobgoblin is moderately wounded.
The hobgoblin closely misses you.
You scratch the hobgoblin.
The hobgoblin is almost dead.
The hobgoblin barely misses you.
A kobold comes into view.
You scratch the hobgoblin but do no damage.
Your bite misses the hobgoblin.
The hobgoblin is almost dead.
The kobold throws a stone.
The stone completely misses you. The hobgoblin misses you.
You scratch the hobgoblin.
You kill the hobgoblin!
The kobold barely misses you.
You scratch the kobold.
You kill the kobold!
No target in view!
No target in view!
Sorry, you're not good enough to have a special ability.
f - 2 scrolls labeled RAXKIH TU ZEQU (gained 1)
You now have 33 gold pieces (gained 3).
Key pressed, stopping explore.
You open the door.
There is an open door here.
Found a runed hand axe.
l - a scroll labeled DEOGIME VYZIUS No target in view!
No target in view!
No target in view!
m - a scroll labeled ZOINUKK XONOBBI
Found a dagger.
n - a scroll labeled IKLEHYG EPUGHAD You open the door.
There is an open door here.
There is an escape hatch in the floor here.
You see here 16 stones.
You see here 12 sling bullets.
Done exploring.
Done exploring.
Done exploring.
Done exploring.
Done exploring.
You open the door.
There is an open door here.
There is a stone staircase leading down here.
You climb downwards.
There is a stone staircase leading up here.
A leopard gecko comes into view.
A leopard gecko is nearby!
Found a falchion.
Casting: Beastly Appendage
Confirm with . or Enter, or press ? or * to list all spells.
You grow a pair of large bovine horns.
You now have 5/6 mp.
You closely miss the leopard gecko. The leopard gecko bites you.
You take 4 damage, and have 8/12 hp.
MASSIVE DAMAGE!!
You are too injured to fight recklessly!
You are too injured to fight recklessly!
You are too injured to fight recklessly!
You are too injured to fight recklessly!
You scratch the leopard gecko. Your bite misses the leopard gecko.
The leopard gecko is almost dead.
The leopard gecko misses you.
You scratch the leopard gecko but do no damage.
The leopard gecko is almost dead.
The leopard gecko bites you.
* * * LOW HITPOINT WARNING * * *
You take 3 damage, and have 5/12 hp.
MASSIVE DAMAGE!!
You barely miss the leopard gecko.
The leopard gecko is almost dead.
The leopard gecko bites you.
* * * LOW HITPOINT WARNING * * *
You take 4 damage, and have 1/12 hp.
MASSIVE DAMAGE!!
You closely miss the leopard gecko. Your headbutt misses the leopard gecko.
The leopard gecko is almost dead.
The leopard gecko bites you.
You die...

#.# #.# #.# #.#
. #.# #.#
..####### #.#
#.# ........#
#.# #.#
.......)# #.#
#.# ........#
#.# #.#
......l.# #.#
#.#
.......@###.#
#.#
............#
#.#
.#.......#..#
#.#
+.......#.....
#.#
#.......##.####
#<#
.......#.##.#
###
.#####.#.##.#
#.#.##.# #.#..
.#


You could see a leopard gecko.

Vanquished Creatures
  An ooze (D:1)
  A leopard gecko (D:1)
  A bat (D:1)
  A giant cockroach (D:1)
  A goblin (D:1)
  2 hobgoblins (D:1)
  A kobold (D:1)
  3 rats (D:1)
11 creatures vanquished.

Notes
Turn   | Place    | Note
-------+----------+-------------------------------------------
     0 | D:1      | Monsterracer the Felid Transmuter began the quest for the Orb.
     0 | D:1      | Reached XP level 1. HP: 9/9 MP: 4/4
   230 | D:1      | Reached XP level 2. HP: 12/12 MP: 4/6
   702 | D:2      | HP: 5/12 [leopard gecko (3)]
   703 | D:2      | HP: 1/12 [leopard gecko (4)]
   704 | D:2      | Slain by a leopard gecko

Action                   || total
-------------------------++-------
Melee: Unarmed           ||    38
       Headbutt          ||     3
       Punch             ||     1
       Bite              ||     2
 Cast: Beastly Appendage ||     7
 Stab: Sleeping          ||     1
  Eat: Chunk             ||     6
Dodge: Dodged            ||    29

Vault maps used:
D:1:      minmay_arrival_semitransparent, minmay_tromino_v2
D:2:      zin_statuary, uniq_crazy_yiuf_cottage, uniq_robin
